 Dungeon Crawl Stone Soup version 0.18-a0-1639-g7533f42 (webtiles) character file.

123 wagjo the Shield-Bearer (level 4, 0/40 HPs)
             Began as a Minotaur Fighter on Mar 27, 2016.
             Was an Initiate of Elyvilon.
             Slain by an orc
             ... wielding a +0 club
              (2 damage)
             ... on level 3 of the Dungeon.
             The game lasted 00:25:23 (1460 turns).

wagjo the Shield-Bearer (Minotaur Fighter)          Turns: 1460, Time: 00:25:24

Health: 0/40       AC: 11    Str: 21    XL:     4   Next: 79%
Magic:  3/3        EV:  8    Int:  5    God:    Elyvilon [......]
Gold:   63         SH: 11    Dex: 10    Spells: 0 memorised, 3 levels left

rFire  . . .     SeeInvis .     a - +1 long sword
rCold  . . .     Gourm    .     r - +4 scale mail
rNeg   . . .     Faith    .     c - +1 shield
rPois  +         Spirit   .     (helmet restricted)
rElec  .         Dismiss  .     (no cloak)
rCorr  .         Reflect  .     (no gloves)
SustAt .         Harm     .     (no boots)
MR     .....                    (no amulet)
Stlth  ..........               M - ring of poison resistance
                                J - ring of poison resistance

@: not resistant to hostile enchantments, extremely unstealthy
A: retaliatory headbutt, horns 2
a: Renounce Religion


You were on level 3 of the Dungeon.
You worshipped Elyvilon.
Elyvilon was noncommittal.
You were not hungry.

You visited 1 branch of the dungeon, and saw 3 of its levels.

You collected 63 gold pieces.

Inventory:

Hand Weapons
 a - a +1 long sword (weapon)
 e - a cursed -1 club
 g - a +0 short sword
 h - a +0 club
 i - a +0 club
 k - a +0 dagger
 m - a +0 club
 n - a +0 spear
 o - a +0 club
 s - a +2 hunting sling of velocity
 v - a +0 dagger
 w - a +0 short sword
 y - a +0 spear
 z - a cursed -2 dagger
 A - a +0 hunting sling
 C - a +0 short sword
 D - a +0 dagger
 F - a +0 short sword
 G - a cursed -2 club
 I - a +0 club
Missiles
 p - 40 stones (quivered)
 q - 16 arrows
Armour
 b - a +0 scale mail
 c - a +1 shield (worn)
 r - a +4 scale mail (worn)
 t - a +0 ring mail
 u - a +0 leather armour
 B - a +0 ring mail
Jewellery
 E - an uncursed ring of wizardry
 J - a ring of poison resistance (left hand)
 M - a ring of poison resistance (right hand)
 N - an uncursed ring of poison resistance
Scrolls
 K - 2 scrolls of remove curse
 L - 2 scrolls of recharging {unknown}
Potions
 d - a potion of might
 j - a potion of berserk rage
Books
 x - a book of Unlife

   Spells                             Type                      Level
   a - Recall                         Summoning/Translocation      3
   b - Animate Dead                   Necromancy                   4
   c - Control Undead                 Necromancy                   4
   d - Cigotuvi's Embrace             Necromancy                   5
   e - Death Channel                  Necromancy                   6
   f - Simulacrum                     Ice/Necromancy               6
Comestibles
 f - 2 bread rations
 l - 3 fruits


   Skills:
 + Level 4.2 Fighting
 + Level 3.6 Long Blades
 + Level 4.2 Armour
 + Level 1.3 Dodging
 + Level 4.9 Shields


You had 3 spell levels left.
You didn't know any spells.

Dungeon Overview and Level Annotations

Branches:
Dungeon (3/15)

Altars:
Elyvilon
Ru


Innate Abilities, Weirdness & Mutations

You reflexively headbutt those who attack you in melee.
You have a pair of horns on your head.


Message History

Your shield and scale mail prevent you from hitting the orc priest.
The orc priest is lightly wounded.
The orc shouts!
The orc priest miscasts a cantrip.
The orc priest barely misses you.
You closely miss the orc priest. You headbutt the orc priest.
The orc priest is lightly wounded.
The orc priest hits you but does no damage.
You hit the orc priest.
The orc priest is moderately wounded.
The orc priest hits you but does no damage.
You slash the orc priest! You headbutt the orc priest.
You kill the orc priest!
You hit the orc. Your headbutt misses the orc.
The orc is heavily wounded.
You block the orc's attack.
You closely miss the orc.
The orc is heavily wounded.
The orc hits you with a club.
You die...

#.#.##.# #.#.##.#
#.#.##.####
#####.#.##....#
#.....#.#####.#
#.#####.#####.#
#.............#
##############.#######
......o@)# #.#
########(# #.# #.# #.#
#.# #.# #.# #.#
#.#####.# #.......#
#########


You could see an orc.

Vanquished Creatures
  An orc priest (D:3)
  An orc wizard (D:3)
  An adder (D:2)
  A dart slug (D:3)
  2 giant geckos (D:1)
  An orc (D:3)
  4 giant cockroaches
  4 goblins
  7 hobgoblins
  5 jackals
  5 bats
  5 giant newts
  8 kobolds
  A rat (D:1)
46 creatures vanquished.

Notes
Turn   | Place    | Note
--------------------------------------------------------------
     0 | D:1      | wagjo the Minotaur Fighter began the quest for the Orb.
     0 | D:1      | Reached XP level 1. HP: 19/19 MP: 0/0
    42 | D:1      | Reached XP level 2. HP: 18/27 MP: 1/1
   507 | D:2      | Reached XP level 3. HP: 33/33 MP: 2/2
   510 | D:2      | Found a sacrificial altar of Ru.
   518 | D:2      | Became a worshipper of Ru the Awakened
  1334 | D:3      | Found a white marble altar of Elyvilon.
  1361 | D:3      | Fell from the grace of Ru
  1361 | D:3      | Became a worshipper of Elyvilon the Healer
  1450 | D:3      | Reached XP level 4. HP: 24/40 MP: 3/3
  1451 | D:3      | Reached skill level 1 in Dodging
  1454 | D:3      | HP: 1/40 [orc priest/nerve-wracking pain (3)]
  1460 | D:3      | Slain by an orc

Vault maps used:
D:1:      dpeg_arrival_tiny_i, serial_corexii_hall, corexii_hall_statues_u,
          corexii_hall_statues_l
D:2:      marbit_many_paths, first_bread
D:3:      elyvilon_altar_4, xom_butterflies, makhleb_heckhound_becter,
          uniq_sigmund

Skill      XL: |  1  2  3  4 |
---------------+-------------+-----
Shields        | 4 |  4.9
Fighting       | 4 |  4.2
Long Blades    | 3 |  3.6
Armour         | 4 |  4.2
Dodging        | 1 |  1.3

Action                   |  1- 3 |  4- 6 || total
-------------------------+-------+-------++-------
Melee: Long sword        |   104 |     9 ||   113
  Use: Scroll            |     7 |       ||     7
  Eat: Chunk             |     2 |       ||     2
